 Dungeon Crawl Stone Soup version 0.28-a0-1347-g113dc556a4 (webtiles) character file.

Game seed: 4229982781971009720

188 porpoise the Magician (level 5, -3/28 HPs)
             Began as a Deep Elf Conjurer on Dec 29, 2021.
             Slain by a phantom (6 damage)
             ... on level 4 of the Dungeon on Dec 30, 2021.
             The game lasted 00:10:46 (4012 turns).

porpoise the Magician (Deep Elf Conjurer)           Turns: 4012, Time: 00:10:47

Health: -3/28      AC:  4    Str:  4    XL:     5   Next: 39%
Magic:  0/14       EV: 12    Int: 25    God:
Gold:   153        SH:  0    Dex: 13    Spells: 3/14 levels left

rFire   . . .      SeeInvis .   a - +3 dagger
rCold   . . .      Faith    .   (no shield)
rNeg    . . .      Spirit   .   e - +0 robe
rPois   .          Reflect  .   (no helmet)
rElec   .          Harm     .   (no cloak)
rCorr   .          Rampage  .   (no gloves)
Will    .....                   g - +1 pair of boots
Stlth   ++........              (no amulet)
HPRegen 0.09/turn               (no ring)
MPRegen 0.14/turn               (no ring)

@: no status effects
A: no striking features
a: no special abilities


You were on level 4 of the Dungeon.
You visited 1 branch of the dungeon, and saw 4 of its levels.

You collected 153 gold pieces.

Inventory:

Hand Weapons
 a - a +3 dagger (weapon)
Missiles
 c - 59 sling bullets
 f - 69 stones
 l - 34 poisoned darts
Armour
 e - a +0 robe (worn)
 g - a +1 pair of boots (worn)
Scrolls
 b - a scroll of immolation
 h - a scroll of amnesia
 i - a scroll of fear
 k - a scroll of teleportation
Potions
 d - a potion of flight {unknown}
 j - 3 potions of curing


   Skills:
 - Level 2.4 Dodging
 + Level 3.9 Stealth
 * Level 5.3 Spellcasting
 - Level 5.2 Conjurations
 * Level 2.3 Hexes


You had 3 spell levels left.
You knew the following spells:

 Your Spells              Type           Power      Damage    Failure   Level
a - Magic Dart            Conj           100%       1d8       1%          1
b - Searing Ray           Conj           66%        2d6       1%          2
c - Fulminant Prism       Conj/Hex       12%        3d9       16%         4
d - Iskenderun's Mystic   Conj/Tloc      19%        2d6       26%         4

Your spell library contained the following spells:

 Spells                   Type           Power      Damage    Failure   Level
 Dazzling Flash           Conj/Hex       50%        N/A       4%          3
 Mephitic Cloud           Conj/Pois/Air  15%        N/A       12%         3
 Ignite Poison            Fire/Tmut/Pois 6%         N/A       24%         3
 Freezing Cloud           Conj/Ice/Air   7%         6-21      71%         5


Dungeon Overview and Level Annotations

Branches:
Dungeon (4/15)
 Temple: D:4-7

Altars:


Message History

Press: ? - help, Shift-Dir - straight line, f/p - phantom
Aim: a phantom (moderately damaged, 73% to hit)
The searing ray hits the phantom.
The phantom is moderately damaged. (Press . to maintain the ray.)
The phantom barely misses you.
The searing ray misses the phantom.
The phantom hits you.
The phantom blinks!
You blink.
Casting: Searing Ray (safe; 1% risk of failure)
Confirm with . or Enter, or press ? or * to list all spells.
Aiming: Searing Ray (safe; 1% risk of failure)
Press: ? - help, Shift-Dir - straight line, f/p - phantom
Aim: a phantom (moderately damaged, 73% to hit)
The searing ray hits the phantom.
The phantom is heavily damaged. (Press . to maintain the ray.)
The phantom hits you.
The searing ray hits the phantom.
The phantom is heavily damaged.
The phantom hits you.
The phantom blinks!
You blink.
Casting: Searing Ray (safe; 1% risk of failure)
Confirm with . or Enter, or press ? or * to list all spells.
Aiming: Searing Ray (safe; 1% risk of failure)
Press: ? - help, Shift-Dir - straight line, f/p - phantom
Aim: a phantom (heavily damaged, 73% to hit)
The searing ray hits the phantom.
The phantom is severely damaged. (Press . to maintain the ray.)
The phantom hits you.
The searing ray misses the phantom.
The phantom hits you.
* * * LOW HITPOINT WARNING * * *
You hit the phantom.
The phantom is severely damaged.
The phantom hits you.
* * * LOW HITPOINT WARNING * * *
The phantom blinks!
You blink.
Found 18 gold pieces.
You closely miss the phantom.
The phantom is severely damaged.
The phantom hits you.
You die...

#.......##.!..
#............
#......###.#+#. ##
#.....>..........
#............. .
#......###.#.#.#
#.....§§...#.#.#
#######.........#
#.......§...W@#.
#######.§.......$...#
#<........#####
#.#####.<##
#.#####..#
#####........###
#......####.....
#............#
#............# .


You could see a phantom.

Vanquished Creatures
  A scorpion (D:3)
  An iguana (D:2)
  3 adders
  3 worms (D:2)
  2 dart slugs
  5 ball pythons
  8 bats
  4 endoplasms
  3 giant cockroaches
  3 goblins (D:1)
  7 hobgoblins
  4 jackals (D:1)
  6 kobolds
  2 quokkas
  3 frilled lizards (D:1)
  9 rats
64 creatures vanquished.

Notes
Turn   | Place    | Note
-------+----------+-------------------------------------------
     0 | D:1      | porpoise the Deep Elf Conjurer began the quest for the Orb.
     0 | D:1      | Reached XP level 1. HP: 10/10 MP: 6/6
   389 | D:1      | Reached XP level 2. HP: 15/15 MP: 5/8
   424 | D:1      | Found a faded altar of an unknown god.
   456 | D:1      | Learned a level 2 spell: Searing Ray
   951 | D:1      | Reached XP level 3. HP: 19/19 MP: 5/10
  1544 | D:2      | Upgraded the game from 0.28-a0-1339-ga5422284a4 to
                  | 0.28-a0-1347-g113dc556a4
  1642 | D:2      | Reached skill level 5 in Conjurations
  2117 | D:2      | Reached XP level 4. HP: 24/24 MP: 6/12
  2125 | D:2      | Learned a level 4 spell: Fulminant Prism
  2130 | D:2      | Learned a level 4 spell: Iskenderun's Mystic Blast
  3190 | D:3      | Noticed a scorpion
  3209 | D:3      | Reached skill level 1 in Hexes
  3248 | D:3      | Killed a scorpion
  3249 | D:3      | Reached skill level 5 in Spellcasting
  3249 | D:3      | Reached XP level 5. HP: 19/28 MP: 2/14
  3997 | D:4      | Noticed a phantom
  4012 | D:4      | Slain by a phantom

Illustrated notes

Levels and vault maps discovered:
D:1:      tarquinn_simple_flora_water_a, layout_loops_ring,
          hellmonk_ecumenical_altar_inner_sanctum
D:2:      layout_basic
D:3:      layout_basic, amethyst_killhole
D:4:      minmay_chambers_of_threes, layout_basic, amcnicky_altar_gilded,
          portal_sewer_entry_e, uniq_pikel

Skill      XL: |  1  2  3  4 |
---------------+-------------+-----
Stealth        | 3 |  3.9
Spellcasting   | 4 5 |  5.3
Conjurations   | 5 |  5.2
Hexes          | 2 |  2.3
Dodging        | |  2.4

Action                   |  1- 3 |  4- 6 || total
-------------------------+-------+-------++-------
Melee: Dagger            |       |     2 ||     2
 Cast: Magic Dart        |    54 |    26 ||    80
       Searing Ray       |     9 |    12 ||    21
  Use: Scroll            |     1 |     6 ||     7
Armor: Robe              |     1 |     1 ||     2
Dodge: Dodged            |       |     5 ||     5

Table legend: (Time is in decaauts)
 A = Elapsed time spent in this place.
 B = Non-inter-level travel time spent in this place.
 C = Inter-level travel time spent in this place.
 D = Time resting spent in this place.
 E = Time spent auto-exploring this place.
 F = Levels seen in this place.
 G = Mean time per level.
                   A        B        C        D        E       F      G
               +--------+--------+--------+--------+--------+-----+--------+
         Total |   4011 |   3792 |    219 |   1225 |   2155 |   4 | 1002.8 |
       Dungeon |   4011 |   3792 |    219 |   1225 |   2155 |   4 | 1002.8 |
               +--------+--------+--------+--------+--------+-----+--------+

Top non-repeatable levels by time:
     D:1: 1541 daAuts
     D:3: 1215 daAuts
     D:2: 1154 daAuts
     D:4: 100 daAuts
